 Dungeon Crawl Stone Soup version 0.21-a0-513-gdcb3f5e (webtiles) character file.

376 slep the Chopper (level 6, -1/53 HPs)
             Began as a Minotaur Fighter on Dec 2, 2017.
             Slain by a vampire (8 damage)
             ... on level 4 of the Dungeon.
             The game lasted 00:07:45 (2307 turns).

slep the Chopper (Minotaur Fighter)                 Turns: 2307, Time: 00:07:46

Health: -1/53      AC:  8    Str: 21    XL:     6   Next: 44%
Magic:  5/5        EV:  8    Int: 10    God:
Gold:   145        SH: 10    Dex: 11    Spells: 5/5 levels left

rFire    . . .     SeeInvis +   a - +0 war axe
rCold    . . .     Gourm    .   c - +0 shield
rNeg     . . .     Faith    .   b - +0 scale mail
rPois    .         Spirit   .   (helmet restricted)
rElec    .         Reflect  .   (no cloak)
rCorr    .         Harm     .   (no gloves)
MR       .....                  o - +0 pair of boots
Stlth    ..........             (no amulet)
HPRegen  0.17/turn              x - ring of see invisible
MPRegen  0.09/turn              (no ring)

@: brilliant
A: retaliatory headbutt, horns 2
a: no special abilities


You were on level 4 of the Dungeon.
You were hungry.

You visited 1 branch of the dungeon, and saw 4 of its levels.

You collected 145 gold pieces.

Inventory:

Hand Weapons
 a - a +0 war axe (weapon)
 p - a +0 long sword of holy wrath
Missiles
 u - a throwing net (quivered)
Armour
 b - a +0 scale mail (worn)
 c - a +0 shield (worn)
 o - a +0 pair of boots (worn)
Jewellery
 x - a ring of see invisible (left hand)
Scrolls
 e - 4 scrolls of enchant armour {unknown}
 h - a scroll of fear {unknown}
 k - 5 scrolls of identify {unknown}
 l - 2 scrolls of teleportation {unknown}
 m - a scroll of enchant weapon {unknown}
 r - a scroll of random uselessness {unknown}
 s - a scroll of fog {unknown}
 t - a scroll of remove curse {unknown}
 w - a scroll of noise {unknown}
 y - a scroll of magic mapping {unknown}
Potions
 d - a potion of might
 i - 2 potions of curing
 j - 2 potions of brilliance
 n - a potion of agility {unknown}
 v - a potion of degeneration {unknown}
Comestibles
 f - 2 bread rations
 g - a meat ration
 q - 4 fruits


   Skills:
 + Level 4.6 Fighting
 + Level 5.8 Axes
 + Level 5.0 Armour
 + Level 1.2 Dodging
 + Level 0.1 Stealth
 + Level 4.9 Shields


You had 5 spell levels left.
You didn't know any spells.

Dungeon Overview and Level Annotations

Branches:
Dungeon (4/15)
 Temple: D:4-7

Altars:
Trog


Innate Abilities, Weirdness & Mutations

You reflexively headbutt those who attack you in melee.
You have a pair of horns on your head.


Message History

You barely miss the vampire. Your headbutt misses the vampire.
The vampire barely misses you. You furiously retaliate!
You headbutt the vampire, but do no damage.
You block the vampire's attack.
You hit the vampire.
The vampire is moderately damaged.
You block the vampire's attack.
The vampire bites you but does no damage.
The vampire hits you.
* * * LOW HITPOINT WARNING * * *
The vampire bites you!
* * * LOW HITPOINT WARNING * * *
The vampire draws strength from your injuries!
It was a potion of curing.
You feel better.
The vampire hits you but does no damage.
You block the vampire's attack.
It was a potion of brilliance.
You feel clever all of a sudden. You block the vampire's attack.
The vampire bites you!
You die...

###### .....# .....#
.....# #### .....#
#########...# .....#
#.......#...#
.....####.......#...#.#
................@V....#
.....####.......#...###
###### #########......#
......# ......# ......#
....... ###...#


You could see a vampire.

Vanquished Creatures
  A phantom (D:4)
  An orc priest (D:4)
  A bullfrog skeleton (D:4)
  2 orc wizards (D:4)
  2 adders
  5 oozes (D:1)
  10 worms
  4 dart slugs
  A leopard gecko (D:1)
  7 orcs
  10 giant cockroaches
  7 goblins
  10 hobgoblins
  5 jackals (D:1)
  5 quokkas
  5 bats
  6 frilled lizards
  6 kobolds
  10 rats
98 creatures vanquished.

Notes
Turn   | Place    | Note
-------+----------+-------------------------------------------
     0 | D:1      | slep the Minotaur Fighter began the quest for the Orb.
     0 | D:1      | Reached XP level 1. HP: 19/19 MP: 0/0
     1 | D:1      | Found a runed door.
    39 | D:1      | Reached XP level 2. HP: 27/27 MP: 1/1
   313 | D:1      | Reached XP level 3. HP: 31/33 MP: 2/2
   555 | D:1      | Reached XP level 4. HP: 36/40 MP: 3/3
   723 | D:2      | Found a bloodstained altar of Trog.
   855 | D:2      | Noticed a moth of wrath
   858 | D:2      | Found a bloodstained altar of Trog.
  1488 | D:2      | Reached XP level 5. HP: 46/46 MP: 4/4
  2146 | D:4      | Reached skill level 5 in Axes
  2233 | D:4      | Reached skill level 1 in Dodging
  2233 | D:4      | Reached XP level 6. HP: 40/53 MP: 5/5
  2269 | D:4      | Reached skill level 5 in Armour
  2301 | D:4      | Noticed a vampire
  2305 | D:4      | HP: 1/53 [vampire (9)]
  2307 | D:4      | Slain by a vampire

Vault maps used:
D:1:      dpeg_arrival_caged_fury, dk_noncrumbling_3
D:2:      tgw_trog, trog_hazing_becter
D:3:      minmay_bisected
D:4:      serial_shops, shop, grunt_ministairs_10

Skill      XL: |  1  2  3  4  5  6 |
---------------+-------------------+-----
Shields        | 4 |  4.9
Fighting       | 4 |  4.6
Axes           | 3 4 5 |  5.8
Armour         | 4 5 |  5.0
Dodging        | 1 |  1.2
Stealth        | |  0.1

Action                   |  1- 3 |  4- 6 || total
-------------------------+-------+-------++-------
Melee: War axe           |    81 |   152 ||   233
       Headbutt          |    11 |    33 ||    44
  Use: Potion            |       |     2 ||     2
  Eat: Chunk             |       |     4 ||     4
Armor: Scale mail        |    48 |    51 ||    99
Dodge: Dodged            |    30 |    49 ||    79
Block: Shield            |    41 |    79 ||   120

Table legend:
 A = Spawn XP
 B = Non-spawn XP
 C = Spawn XP percentage of total XP
 D = Spawn monster count
 E = Non-spawn monster count
 F = Spawn count percentage of total count
 G = Total turns spent on level
                    A         B        C        D         E        F      G
               +---------+---------+-------+---------+---------+-------+---------
         Total |       0 |     538 |   0.0 |       0 |      98 |   0.0 |  2307
               +---------+---------+-------+---------+---------+-------+---------
           D:1 |       0 |     116 |   0.0 |       0 |      44 |   0.0 |   582
           D:2 |       0 |      80 |   0.0 |       0 |      28 |   0.0 |  1017
           D:3 |       0 |      38 |   0.0 |       0 |      14 |   0.0 |   538
           D:4 |       0 |     304 |   0.0 |       0 |      12 |   0.0 |   170
               +---------+---------+-------+---------+---------+-------+---------
